 Dungeon Crawl Stone Soup version 0.24.0-28-g17ded55e90 (webtiles) character file.

Game seed: 7448136966789098711, levelgen mode: deterministic

49 roguesci the Shield-Bearer (level 3, 0/23 HPs)
             Began as a Gargoyle Fighter on Nov 12, 2019.
             Slain by a gnoll
             ... wielding a cursed +0 flail
              (4 damage)
             ... on level 2 of the Dungeon.
             The game lasted 00:03:29 (992 turns).

roguesci the Shield-Bearer (Gargoyle Fighter)        Turns: 992, Time: 00:03:30

Health: 0/23       AC: 10    Str: 25    XL:     3   Next: 77%
Magic:  3/3        EV:  8    Int:  8    God:
Gold:   28         SH:  9    Dex:  9    Spells: 2/2 levels left

rFire    . . .     SeeInvis .   a - +0 flail
rCold    . . .     Gourm    .   c - +0 shield
rNeg     + . .     Faith    .   b - +0 scale mail
rPois    ∞         Spirit   .   (no helmet)
rElec    +         Reflect  .   (no cloak)
rCorr    .         Harm     .   (no gloves)
MR       .....                  (no boots)
Stlth    ..........             (no amulet)
HPRegen  0.07/turn              (no ring)
MPRegen  0.08/turn              (no ring)

@: mighty
A: negative energy resistance 1, electricity resistance, unbreathing,
petrification resistance, rot immunity, AC +3
a: no special abilities


You were on level 2 of the Dungeon.
You were not hungry.

You visited 1 branch of the dungeon, and saw 2 of its levels.

You collected 28 gold pieces.

Inventory:

Hand Weapons
 a - a +0 flail (weapon)
Missiles
 e - 28 stones (quivered)
Armour
 b - a +0 scale mail (worn)
 c - a +0 shield (worn)
Scrolls
 g - a scroll of fog {unknown}
 h - a scroll of remove curse {unknown}
 k - a scroll of immolation {unknown}
 l - a scroll of noise {unknown}
Potions
 i - a potion of mutation {unknown}
Comestibles
 f - 2 rations


   Skills:
 + Level 3.5 Fighting
 * Level 2.6 Maces & Flails
 + Level 3.6 Armour
 * Level 1.2 Dodging
 + Level 3.6 Shields


You had 2 spell levels left.
You didn't know any spells.
Your spell library was empty.

Dungeon Overview and Level Annotations

Branches:
Dungeon (2/15)

Altars:
Qazlal


Innate Abilities, Weirdness & Mutations

You are resistant to torment.
Your stone body is resilient. (AC +3)
You are immune to poison.
You resist negative energy. (rN+)
You are resistant to electric shocks. (rElec)
You can survive without breathing.
You are immune to petrification.
You are immune to rotting.


Message History

The gnoll hits you with a cursed +0 flail.
Your shield and scale mail prevent you from hitting the gnoll.
The gnoll is moderately wounded.
The gnoll misses you. You block the gnoll's attack. x2
You hit the gnoll.
The gnoll is severely wounded.
The gnoll closely misses you.
The gnoll hits you from afar with a +0 spear.
You barely miss the gnoll.
The gnoll is severely wounded.
The gnoll hits you with a cursed +0 flail!
* * * LOW HITPOINT WARNING * * *
You block the gnoll's attack.
You feel very mighty all of a sudden. You block the gnoll's attack.
The gnoll barely misses you.
You closely miss the gnoll.
The gnoll is severely wounded.
You block the gnoll's attack.
The gnoll hits you with a cursed +0 flail.
You die...

#.#.#..#
#####...##
#.#....#
#...#
#.....##
#...# #
###..##
#...#
....####..#
#.##
#.........#
#...#####.#
#...#####.#
.....gg@.#
...#######


You could see 2 gnolls.

Vanquished Creatures
  A gnoll (D:2)
  2 leopard geckos (D:1)
  A ball python (D:1)
  4 hobgoblins (D:1)
  8 jackals (D:1)
  2 kobolds
  3 bats (D:1)
  7 frilled lizards
  3 goblins (D:1)
  5 rats (D:1)
36 creatures vanquished.

Notes
Turn   | Place    | Note
-------+----------+-------------------------------------------
     0 | D:1      | roguesci the Gargoyle Fighter began the quest for the Orb.
     0 | D:1      | Reached XP level 1. HP: 14/14 MP: 1/1
    84 | D:1      | Reached XP level 2. HP: 17/19 MP: 2/2
   396 | D:1      | Reached skill level 1 in Dodging
   396 | D:1      | Reached XP level 3. HP: 16/23 MP: 3/3
   846 | D:2      | Found a stormy altar of Qazlal.
   992 | D:2      | Slain by a gnoll

Levels and vault maps discovered:
D:1:      eino_arrival_cavern_c, layout_rooms
D:2:      layout_loops_cross, lemuel_crystal_altar,
          nicolae_overflow_hidden_temple, uniq_crazy_yiuf_cottage, uniq_sigmund

Skill      XL: |  1  2 |
---------------+-------+-----
Dodging        | 1 |  1.2
Fighting       | |  3.5
Maces & Flails | |  2.6
Armour         | |  3.6
Shields        | |  3.6

Action                   || total
-------------------------++-------
Melee: Flail             ||   139
  Use: Potion            ||     1
  Eat: Chunk             ||     1
Armor: Scale mail        ||    78
Dodge: Dodged            ||    48
Block: Shield            ||    82
